 Dungeon Crawl Stone Soup version 0.28-a0-1227-ga9037bb4c8 (webtiles) character file.

Game seed: 6789289354813957425

202 AlexTheAtlantean the Poker (level 5, -1/39 HPs)
             Began as a Merfolk Gladiator on Dec 22, 2021.
             Slain by a wyvern (15 damage)
             ... on level 4 of the Dungeon.
             The game lasted 00:08:49 (2900 turns).

AlexTheAtlantean the Poker (Merfolk Gladiator)      Turns: 2900, Time: 00:08:50

Health: -1/39      AC:  6    Str: 17    XL:     5   Next: 80%
Magic:  5/5        EV: 13    Int:  7    God:
Gold:   141        SH:  0    Dex: 15    Spells: 4/4 levels left

rFire   . . .      SeeInvis .   a - +0 trident
rCold   . . .      Faith    .   (no shield)
rNeg    . . .      Spirit   .   q - +0 ring mail {Will+}
rPois   .          Reflect  .   c - +0 helmet
rElec   .          Harm     .   (no cloak)
rCorr   .          Rampage  .   (no gloves)
Will    +....                   (no boots)
Stlth   +.........              (no amulet)
HPRegen 0.13/turn               (no ring)
MPRegen 0.09/turn               (no ring)

@: attractive
A: (nimble swimmer 2), mertail
a: no special abilities


You were on level 4 of the Dungeon.
You visited 1 branch of the dungeon, and saw 4 of its levels.

You collected 141 gold pieces.

Inventory:

Hand Weapons
 a - a +0 trident (weapon)
Missiles
 d - 3 throwing nets
 t - 2 boomerangs of dispersal
Armour
 b - a +0 leather armour
 c - a +0 helmet (worn)
 j - a +0 ring mail
 q - a +0 ring mail of willpower (worn)
Wands
 p - a wand of paralysis (2) (quivered)
Scrolls
 e - 2 scrolls of fear {unknown}
 h - 2 scrolls of teleportation {unknown}
 i - a scroll of immolation {unknown}
 k - 3 scrolls of identify {unknown}
 l - 2 scrolls of amnesia {unknown}
 m - a scroll of torment {unknown}
 o - a scroll of enchant weapon {unknown}
 r - a scroll of blinking {unknown}
Potions
 f - a potion of curing
 n - 2 potions of brilliance {unknown}
 s - 2 potions of flight {unknown}


   Skills:
 + Level 2.5 Fighting
 * Level 7.4 Polearms
 + Level 2.1 Throwing
 + Level 0.7 Armour
 * Level 5.5 Dodging
 + Level 0.4 Stealth


You had 4 spell levels left.
You didn't know any spells.
Your spell library contained the following spells:

 Spells                   Type           Power      Damage    Failure   Level
 Ensorcelled Hibernation  Hex/Ice        0%         N/A       78%         2
 Passwall                 Tmut/Erth      0%         N/A       78%         2
 Call Canine Familiar     Summ           0%         N/A       95%         3
 Portal Projectile        Hex/Tloc       0%         N/A       95%         3
 Swiftness                Air            0%         N/A       95%         3
 Tukima's Dance           Hex            0%         N/A       95%         3
 Airstrike                Air            0%         N/A       100%        4
 Leda's Liquefaction      Hex/Erth       0%         N/A       100%        4
 Summon Lightning Spire   Summ/Air       0%         N/A       100%        4
 Lightning Bolt           Conj/Air       0%         1d11      100%        5
 Summon Forest            Summ/Tloc      0%         N/A       100%        5
 Summon Mana Viper        Hex/Summ       0%         N/A       100%        5
 Summon Cactus Giant      Summ           0%         N/A       100%        6


Dungeon Overview and Level Annotations

Branches:
Dungeon (4/15)
 Temple: D:4-7

Altars:
Yredelemnul


Innate Abilities, Weirdness & Mutations

((You are very nimble when in or above water. (Stealth+, EV+, Speed+++)))
Your lower body shifts to a powerful aquatic tail in water.


Message History

The adder is severely wounded.
The adder barely misses you. The adder bites you.
You hit the adder.
The adder is almost dead.
The adder bites you but does no damage.
You barely miss the adder.
The adder is almost dead.
The adder barely misses you.
You hit the adder.
You kill the adder!
HP restored.
Found 18 sling bullets and a flail.
A quokka comes into view.
Found a tower shield.
The quokka bites you but does no damage.
The quokka barely misses you.
You puncture the quokka!
You kill the quokka!
Found a scale mail.
Found 15 bolts.
A wyvern comes into view.
A ball python comes into view.
The ball python hisses angrily.
You hit the wyvern but do no damage.
The wyvern bites you but does no damage.
You hit the wyvern but do no damage. The wyvern bites you!
You hit the wyvern but do no damage. The wyvern barely misses you.
The ball python misses you. The ball python barely misses you.
The wyvern bites you. The wyvern bites you!
* * * LOW HITPOINT WARNING * * *
The ball python bites you but does no damage.
The ball python misses you.
It was a potion of curing.
You feel better. The wyvern bites you.
The ball python misses you. x2; The wyvern bites you.
It was a potion of attraction.
You feel attractive to monsters. The ball python misses you.
The ball python closely misses you. The wyvern bites you!
You die...

.......##.##..##.
................###....
#...........#...#####.#
#...[.......#.#..## #..
#.............##..###.#
#..(..<................
#............#####...##
#............####......
#.....@.............#..
#.###lS.........(.###..
#....#..##.........
#....#####.......[###
...#.## #.).......#
#...#.. ...#.....###
#.. ..# ####.....#
......# #.....#


You could see a wyvern and a ball python.

Vanquished Creatures
  A water moccasin zombie (D:3)
  An orc wizard (D:2)
  A hound skeleton (D:4)
  3 gnolls (D:3)
  3 adders
  A worm (D:2)
  2 dart slugs (D:1)
  An orc (D:2)
  5 bats
  3 endoplasms
  3 giant cockroaches
  3 goblins
  4 hobgoblins
  2 jackals (D:2)
  2 quokkas (D:4)
  3 frilled lizards
  2 giant cockroach zombies (D:3)
  6 kobolds
  4 rats (D:3)
50 creatures vanquished.

Notes
Turn   | Place    | Note
-------+----------+-------------------------------------------
     0 | D:1      | AlexTheAtlantean the Merfolk Gladiator began the quest for
                  | the Orb.
     0 | D:1      | Reached XP level 1. HP: 16/16 MP: 1/1
   130 | D:1      | Reached XP level 2. HP: 22/22 MP: 2/2
   678 | D:1      | Reached skill level 5 in Polearms
  1007 | D:2      | Reached XP level 3. HP: 27/27 MP: 3/3
  1861 | D:3      | Reached skill level 6 in Polearms
  1861 | D:3      | Reached skill level 5 in Dodging
  1861 | D:3      | Reached XP level 4. HP: 29/34 MP: 4/4
  1916 | D:3      | Found a basalt altar of Yredelemnul.
  1952 | D:3      | Reached XP level 5. HP: 29/39 MP: 5/5
  2098 | D:2      | Reached skill level 7 in Polearms
  2891 | D:4      | Noticed a wyvern
  2900 | D:4      | Slain by a wyvern

Illustrated notes

Levels and vault maps discovered:
D:1:      lemuel_arrival_behind_the_door_large, layout_rooms
D:2:      layout_loops_ring
D:3:      layout_loops_corners, nicolae_yredelemnul_corpse_copse
D:4:      layout_rooms, minmay_temple_entry_wispy,
          nicolae_elevator_lobby_asterisk

Skill      XL: |  1  2  3  4  5 |
---------------+----------------+-----
Polearms       | 5 6 7 |  7.4
Dodging        | 5 |  5.5
Fighting       | |  2.5
Throwing       | |  2.1
Armour         | |  0.7
Stealth        | |  0.4

Action                   |  1- 3 |  4- 6 || total
-------------------------+-------+-------++-------
Melee: Trident           |    96 |    63 ||   159
Throw: Throwing net      |     2 |       ||     2
Evoke: Wand              |       |     3 ||     3
  Use: Potion            |       |     2 ||     2
Armor: Leather armour    |    13 |       ||    13
       Ring mail         |    20 |    24 ||    44
Dodge: Dodged            |    63 |    43 ||   106

Table legend: (Time is in decaauts)
 A = Elapsed time spent in this place.
 B = Non-inter-level travel time spent in this place.
 C = Inter-level travel time spent in this place.
 D = Time resting spent in this place.
 E = Time spent auto-exploring this place.
 F = Levels seen in this place.
 G = Mean time per level.
                   A        B        C        D        E       F      G
               +--------+--------+--------+--------+--------+-----+--------+
         Total |   2903 |   2887 |     16 |    433 |   1841 |   4 |  725.8 |
       Dungeon |   2903 |   2887 |     16 |    433 |   1841 |   4 |  725.8 |
               +--------+--------+--------+--------+--------+-----+--------+

Top non-repeatable levels by time:
     D:3: 1032 daAuts
     D:2: 1012 daAuts
     D:1: 737 daAuts
     D:4: 121 daAuts
